 Dungeon Crawl Stone Soup version bcrawl-1.13.5 (webtiles) character file.

Game seed: 4838995108977701383

2734 Banto the Spear-Bearer (level 9, -1/61 HPs)
             Began as a Demonspawn Gladiator on Aug 29, 2019.
             Was an Initiate of Okawaru.
             Killed from afar by Erica (19 damage)
             ... with an orb of energy
             ... on level 8 of the Dungeon.
             The game lasted 00:12:27 (8310 turns).

Banto the Spear-Bearer (Demonspawn Gladiator)       Turns: 8310, Time: 00:12:28

Health: -1/61      AC: 19    Str: 15    XL:     9   Next: 40%
Magic:  0/9        EV: 12    Int: 12    God:    Okawaru [......]
Gold:   361        SH:  0    Dex: 15    Spells: 8/8 levels left

rFire    . . .     SeeInvis .   p - -1 spear (curse)
rCold    . . .     Gourm    .   (no shield)
rNeg     + . .     Faith    .   s - +4 ring mail
rPois    .         Spirit   +   c - +0 helmet
rElec    +         Reflect  .   i - scarf {Spirit}
rCorr    .         Harm     .   b - +2 pair of gloves
MR       .....                  (no boots)
Stlth    +.........             h - amulet of regeneration
HPRegen  0.60/turn              j - ring of insulation
MPRegen  0.11/turn              t - ring of positive energy

@: lethally poisoned (-1 -> -2), slowed, very slow
A: claws 2, iridescent scales 3, demonic guardian 1
a: Renounce Religion


You were on level 8 of the Dungeon.
You worshipped Okawaru.
Okawaru was noncommittal.
You were hungry.

You visited 2 branches of the dungeon, and saw 9 of its levels.
You also visited: Sewer.

You collected 361 gold pieces.

Inventory:

Hand Weapons
 a - a +1 trident
 p - a cursed -1 spear (weapon)
Missiles
 d - 5 throwing nets (quivered) {!f}
Armour
 b - a +2 pair of gloves (worn)
 c - a +0 helmet (worn)
 i - a scarf of spirit shield (worn)
 s - a +4 ring mail (worn)
Jewellery
 h - an amulet of regeneration (around neck)
 j - a ring of insulation (left hand)
 t - a ring of positive energy (right hand)
 D - an uncursed amulet of magic regeneration {unknown}
 E - the ring "Goefan" {rElec Int+4 SInv Stlth-, unknown}
   (You found it on level 8 of the Dungeon)

   [ring of attention]

   It affects your intelligence (+4).
   It insulates you from electricity.
   It lets you see invisible.
   It makes you less stealthy.
Wands
 o - a wand of flame (8)
 q - a wand of enslavement (5)
 v - a wand of clouds (3)
Scrolls
 w - 2 scrolls of enchant armour
 x - 2 scrolls of amnesia
 y - a scroll of remove curse
 A - a scroll of enchant weapon
 B - a scroll of identify
Potions
 e - 4 potions of heal wounds
 g - 5 potions of haste
 k - 2 potions of curing
 l - 2 potions of resistance
 m - 4 potions of lignification
 n - a potion of agility {unknown}
 r - 3 potions of mutation
 u - a potion of degeneration {unknown}
 z - a potion of flight {unknown}
Comestibles
 f - 16 rations {!d}


   Skills:
 - Level 2.0 Fighting
 + Level 11.9 Polearms
 - Level 1.7 Throwing
 - Level 2.6 Dodging


You had 8 spell levels left.
You didn't know any spells.
Your spell library contained the following spells:

 Spells                   Type           Power        Failure   Level  Hunger
 Beastly Appendage        Tmut           #.....       54%         1    ##.....
 Magic Dart               Conj           #...         54%         1    ##.....
 Slow                     Hex            #.......     54%         1    ##.....
 Blink                    Tloc           N/A          69%         2    ###....
 Call Imp                 Summ           #.......     69%         2    ###....
 Sticks to Snakes         Tmut           #.......     69%         2    ###....
 Conjure Flame            Conj/Fire      #.......     89%         3    ####...
 Mephitic Cloud           Conj/Pois/Air  #.......     89%         3    ####...
 Spider Form              Tmut/Pois      #..          89%         3    ####...
 Cause Fear               Hex            #.........   100%        4    #####..
 Ice Form                 Ice/Tmut       #.......     100%        4    #####..
 Yara's Violent Unravell  Hex/Tmut       #.........   100%        4    #####..
 Blade Hands              Tmut           #.........   100%        5    ######.
 Piercing Shot            Chrm           #.........   100%        5    ######.
 Silence                  Hex/Air        #.........   100%        5    ######.
 Deflect Missiles         Chrm/Air       #.........   100%        6    #######
 Discord                  Hex            #.........   100%        8    #######


Dungeon Overview and Level Annotations

Branches:
Dungeon (8/12)             Temple (1/1) D:7
   Lair: D:7-9          Orc: D:8-11

Altars:
Ashenzari
Cheibriados
Dithmenos
Elyvilon
Fedhas
Gozag
Kikubaaqudgha
Lugonu
Makhleb
Nemelex Xobeh
Okawaru
Qazlal
Ru
Sif Muna
Trog
Uskayaw
Vehumet
Wu Jian
Xom
Yredelemnul
Zin

Shops:
D:6 %   D:8 *

Annotations:
D:6 3 runed translucent doors, cirnu's ghost, novice DsCK
D:8 Erica


Innate Abilities, Weirdness & Mutations

You have very sharp fingernails.
You are completely covered in iridescent scales. (AC +6)
A weak demonic guardian rushes to your aid.


Message History

You feel sick. Something hits you but does no damage.
You hear some strange, mumbled words.
An orb of energy appears from out of thin air!
The orb of energy hits you!
* * * LOW HITPOINT WARNING * * *
The orb of energy explodes!
You feel sick.
You hear some strange, mumbled words.
A bolt of poison appears from out of thin air!
The bolt of poison misses you.
Evoke which item? (* to show all) (? for menu, Esc to quit)
Aiming: Cloud Cone
Press: ? - help, Dir - move target cursor You create a blast of flame!
Erica appears from thin air!
Reactivating autopickup.
Erica is engulfed in blazing flames.
Erica screams, "Coming here was suicide!
For you!" Erica casts a spell at you. The orb of energy hits you!
You die...

##########.#.# #. #.#.#
####### #.#.# #......
#.#.# #.#####
#.#.#####.#...[
###########.#÷÷...#.#.##.
#...........#####†#)#.#..
#.###############.#.#.###
#.#.#§§§@.........#.#....
#...##@############.####.
###.##.# #.####.
#.##.####### #...∩..
#.##.#.....# #######
#....#.###.###
######.###...#
#.....#.##########
#####.#...........


You could see Erica.

Vanquished Creatures
  A yak (D:6)
  A phantom (D:7)
  An ogre (D:8)
  A necrophage (D:8)
  A centaur (D:4)
  Blork the orc (D:5)
  A big kobold (D:6)
  2 bullfrogs (Sewer)
  A scorpion (D:6)
  Dowan (D:7)
  3 wights (D:8)
  A howler monkey (D:5)
  A quasit (D:5)
  2 crimson imps
  3 orc priests
  3 bullfrog skeletons
  2 hounds
  2 centaur skeletons
  5 orc wizards
  An iguana (D:8)
  5 worker ants
  Ijyb (D:5)
  A worker ant zombie (D:6)
  9 adders
  13 oozes
  An adder zombie (D:4)
  6 worms
  5 dart slugs
  17 leopard geckos
  13 orcs
  11 giant cockroaches
  6 goblins
  14 hobgoblins
  8 jackals
  5 quokkas
  13 ball pythons
  9 bats
  17 frilled lizards
  A jackal skeleton (D:4)
  11 kobolds
  3 rats
203 creatures vanquished.

Vanquished Creatures (collateral kills)
  A centaur skeleton (D:7)
  Eustachio (D:5)
  2 yaks (D:6)
  Duvessa (D:7)
  An orc warrior (D:7)
  A hound (D:7)
  An orc wizard (D:6)
  An adder (D:5)
  An orc (D:6)
  2 frilled lizards (Sewer)
  A kobold (D:6)
13 creatures vanquished.

Vanquished Creatures (others)
  A fungus (D:6)
  3 plants (D:6)
4 creatures vanquished.

Grand Total: 220 creatures vanquished

Notes
Turn   | Place    | Note
-------+----------+-------------------------------------------
     0 | D:1      | Banto the Demonspawn Gladiator began the quest for the Orb.
     0 | D:1      | Reached XP level 1. HP: 16/16 MP: 1/1
    59 | D:1      | Reached skill level 3 in Polearms
   122 | D:1      | Gained mutation: You are partially covered in iridescent
                  | scales. (AC +2) [demonic ancestry]
   122 | D:1      | Reached XP level 2. HP: 22/22 MP: 2/2
   464 | D:1      | Gained mutation: You have sharp fingernails. [demonic
                  | ancestry]
   464 | D:1      | Reached XP level 3. HP: 27/27 MP: 3/3
   770 | D:2      | Reached skill level 4 in Polearms
  1047 | D:2      | Found a shimmering blue altar of Sif Muna.
  1297 | D:3      | Gained mutation: You are mostly covered in iridescent
                  | scales. (AC +4) [demonic ancestry]
  1297 | D:3      | Reached XP level 4. HP: 32/33 MP: 4/4
  1362 | D:3      | Found a hide-covered altar of Uskayaw.
  1635 | D:3      | Found a shattered altar of Ashenzari.
  1667 | D:3      | Reached skill level 5 in Polearms
  1685 | D:3      | Found an ornate altar of the Wu Jian Council.
  1685 | D:3      | Found a snail-covered altar of Cheibriados.
  1866 | D:3      | Reached XP level 5. HP: 38/38 MP: 3/5
  2087 | D:3      | Found a faded altar of an unknown god.
  2756 | D:4      | Found a burning altar of Makhleb.
  3055 | D:4      | Reached skill level 6 in Polearms
  3068 | D:4      | Noticed a centaur
  3093 | D:4      | Killed a centaur
  3093 | D:4      | Gained mutation: A weak demonic guardian rushes to your
                  | aid. [demonic ancestry]
  3093 | D:4      | Reached XP level 6. HP: 35/44 MP: 6/6
  3520 | D:5      | Entered Level 5 of the Dungeon
  3584 | D:5      | Reached skill level 7 in Polearms
  3636 | D:5      | Found a glowing drain.
  3709 | Sewer    | Entered a sewer
  4032 | Sewer    | Gained mutation: You are completely covered in iridescent
                  | scales. (AC +6) [demonic ancestry]
  4032 | Sewer    | Reached XP level 7. HP: 50/50 MP: 7/7
  4299 | D:5      | Noticed Ijyb
  4428 | D:6      | Reached skill level 8 in Polearms
  4530 | D:6      | Noticed a vampire
  4762 | D:5      | Killed Ijyb
  5041 | D:5      | Noticed Blork the orc
  5058 | D:5      | Killed Blork the orc
  5058 | D:5      | Reached skill level 9 in Polearms
  5058 | D:5      | Reached XP level 8. HP: 52/56 MP: 5/8
  5535 | D:5      | Noticed Eustachio
  5574 | D:5      | Killed Eustachio
  5758 | D:6      | Found a runed translucent gate.
  5758 | D:6      | Found a runed translucent gate.
  5758 | D:6      | Found a runed translucent gate.
  5759 | D:6      | Identified the cursed +2 short sword "Qiocwag" {pain, rN++}
  5759 | D:6      | Noticed cirnu's ghost (novice DsCK)
  5972 | D:6      | Found Doih's Food Shop.
  6249 | D:7      | Reached skill level 10 in Polearms
  6497 | D:6      | Reached skill level 11 in Polearms
  6497 | D:6      | Gained mutation: You have very sharp fingernails. [demonic
                  | ancestry]
  6497 | D:6      | Reached XP level 9. HP: 51/61 MP: 9/9
  6530 | D:7      | Noticed Dowan
  6549 | D:7      | Killed Dowan
  6632 | D:7      | Noticed Duvessa
  6772 | D:7      | Killed Duvessa
  7170 | D:7      | Found a staircase to the Ecumenical Temple.
  7361 | Temple   | Entered the Ecumenical Temple
  7388 | Temple   | Became a worshipper of Warmaster Okawaru
  7882 | D:8      | Found Plog's Assorted Antiques.
  8114 | D:8      | Got a warped brass ring
  8177 | D:8      | Noticed Erica
  8310 | D:8      | Killed from afar by Erica

Skill      XL: |  1  2  3  4  5  6  7  8 |
---------------+-------------------------+-----
Polearms       | 3 4 5 6 7 9 11 | 11.9
Fighting       | |  2.0
Throwing       | |  1.7
Dodging        | |  2.6

Action                   |  1- 3 |  4- 6 |  7- 9 || total
-------------------------+-------+-------+-------++-------
Melee: Trident           |    84 |       |       ||    84
       Whip              |   126 |   185 |       ||   311
       Spear             |       |   508 |   932 ||  1440
Evoke: Wand              |       |       |     2 ||     2
  Use: Scroll            |     3 |     4 |     4 ||    11
 Stab: Sleeping          |     1 |       |       ||     1
       Distracted        |       |       |     3 ||     3
  Eat: Chunk             |     2 |    10 |    14 ||    26
Armor: Leather armour    |    35 |       |       ||    35
       Ring mail         |    49 |   328 |   311 ||   688
       Skin              |       |       |     8 ||     8
Dodge: Dodged            |   150 |   370 |   282 ||   802
